 Dungeon Crawl Stone Soup version 0.25-a0-781-gc44aebf (webtiles) character file.

Game seed: 5362526478348545867, levelgen mode: deterministic

340 MrTaco21 the Cudgeler (level 6, 0/37 HPs)
             Began as a Gargoyle Fighter on Apr 15, 2020.
             Killed from afar by Ijyb (17 damage)
             ... with an iceblast
             ... on level 4 of the Dungeon.
             The game lasted 00:04:39 (2976 turns).

MrTaco21 the Cudgeler (Gargoyle Fighter)            Turns: 2976, Time: 00:04:39

Health: 0/37       AC: 12    Str: 22    XL:     6   Next: 56%
Magic:  6/6        EV:  7    Int:  8    God:
Gold:   192        SH:  9    Dex:  9    Spells: 5/5 levels left

rFire    . . .     SeeInvis .   a - +0 flail
rCold    . . .     Gourm    .   c - +0 kite shield
rNeg     + . .     Faith    .   b - +0 scale mail
rPois    ∞         Spirit   .   (no helmet)
rElec    +         Reflect  .   u - +0 cloak
rCorr    .         Harm     .   (no gloves)
MR       .....                  (no boots)
Stlth    ..........             (no amulet)
HPRegen  0.12/turn              g - ring of wizardry
MPRegen  0.10/turn              (no ring)

@: no status effects
A: negative energy resistance 1, electricity resistance, unbreathing,
petrification resistance, rot immunity, AC +4
a: no special abilities


You were on level 4 of the Dungeon.
You were not hungry.

You visited 1 branch of the dungeon, and saw 4 of its levels.

You collected 192 gold pieces.

Inventory:

Hand Weapons
 a - a +0 flail (weapon)
Missiles
 v - 18 poisoned darts (quivered)
Armour
 b - a +0 scale mail (worn)
 c - a +0 kite shield (worn)
 u - a +0 cloak (worn)
   (You found it on level 3 of the Dungeon)
Jewellery
 g - a ring of wizardry (left hand)
   (You took it off a hobgoblin on level 1 of the Dungeon)
Scrolls
 f - a scroll of immolation {unknown}
 h - 2 scrolls of amnesia {unknown}
 i - a scroll of remove curse {unknown}
 j - a scroll of enchant weapon {unknown}
 m - 3 scrolls of teleportation {unknown}
 n - 3 scrolls of identify {unknown}
 o - 2 scrolls of enchant armour {unknown}
 p - 2 scrolls of magic mapping {unknown}
 r - a scroll of fear {unknown}
 w - a scroll of blinking {unknown}
Potions
 d - 2 potions of might
 k - a potion of curing {unknown}
 l - a potion of ambrosia {unknown}
 q - a potion of cancellation {unknown}
 s - a potion of flight {unknown}
 t - a potion of haste {unknown}
 x - 2 potions of berserk rage {unknown}
Comestibles
 e - 8 rations {!d}


   Skills:
 - Level 3.2 Fighting
 + Level 6.8 Maces & Flails
 - Level 3.2 Armour
 - Level 3.2 Shields


You had 5 spell levels left.
You didn't know any spells.
Your spell library was empty.

Dungeon Overview and Level Annotations

Branches:
Dungeon (4/15)
 Temple: D:4-7

Altars:
Nemelex Xobeh
The Shining One

Annotations:
D:4 Grinder, Ijyb


Innate Abilities, Weirdness & Mutations

You are resistant to torment.
Your stone body is resilient. (AC +4)
You are immune to poison.
You resist negative energy. (rN+)
You are resistant to electric shocks. (rElec)
You can survive without breathing.
You are immune to petrification.
You are immune to rotting.


Message History

You hit the gnoll. You block the gnoll's attack.
You sock the gnoll!
You kill the gnoll!
No target in view!
No target in view!
No target in view!
No target in view!
No target in view!
No target in view!
No target in view!
No target in view!
No target in view!
No target in view!
You see here a hound skeleton.
Items here: )) [ ÷ a cursed -1 flail; a +0 ring mail; a +3 vorpal trident; a gnoll skeleton
Found 18 gold pieces.
You now have 192 gold pieces (gained 18).
There is a stone staircase leading up here.
Ijyb is too close now for your liking.
Ijyb is nearby!
Ijyb shouts!
You hear a shout!
Grinder comes into view.
A phantom comes into view.
Grinder gestures at you. You resist with significant effort.
Grinder grins, showing sharp teeth.
Grinder blinks!
Ijyb zaps a wand.
The mass of ice explodes!
The iceblast engulfs you!
Unknown command.
Ijyb zaps a wand.
The mass of ice explodes!
The iceblast engulfs you but does no damage.
The phantom blinks!
Ijyb zaps a wand.
The mass of ice explodes!
The iceblast engulfs you.
Ijyb zaps a wand.
The mass of ice explodes!
The iceblast engulfs you.
Ijyb zaps a wand.
The mass of ice explodes!
The iceblast engulfs you!
* * * LOW HITPOINT WARNING * * *
Unknown command.
Unknown command.
Unknown command.
There is a stone staircase leading up here.
Grinder blinks!
Ijyb zaps a wand.
The mass of ice explodes!
The iceblast engulfs you!
You die...

.#.......#....## ..... #.......#
#.#.####.......#
#..........###.###### ########
....................# ##......##
##..##...5..........###........##
.............[......##..........#
...........g......>.##..........#
......#.........@...##..........#
.....##...###...................#
..##.##...# #.#.######..........#
.###.########.#.#..............##
..................####..........#
.......######......# #..........#
.......#######..##.###..........#
#####.......#.).....##..........#
# #.......÷.####..##..........#


You could see Grinder and Ijyb.

Vanquished Creatures
  A gnoll sergeant (D:4)
  A hound (D:4)
  Terence (D:2)
  2 worker ants (D:4)
  3 gnolls
  2 adders (D:3)
  2 oozes
  3 worms (D:2)
  4 dart slugs
  A leopard gecko (D:3)
  5 orcs (D:3)
  2 ball pythons
  14 giant cockroaches
  9 goblins
  9 hobgoblins
  12 jackals
  2 quokkas
  11 bats
  4 frilled lizards
  3 kobolds
  6 rats
97 creatures vanquished.

Notes
Turn   | Place    | Note
-------+----------+-------------------------------------------
     0 | D:1      | MrTaco21 the Gargoyle Fighter began the quest for the Orb.
     0 | D:1      | Reached XP level 1. HP: 14/14 MP: 1/1
   123 | D:1      | Reached XP level 2. HP: 17/19 MP: 2/2
   270 | D:1      | Reached skill level 3 in Maces & Flails
   314 | D:1      | Found a glowing golden altar of the Shining One.
   690 | D:2      | Reached XP level 3. HP: 22/23 MP: 3/3
   889 | D:2      | Reached skill level 4 in Maces & Flails
   977 | D:2      | Reached XP level 4. HP: 26/28 MP: 4/4
  1331 | D:2      | Found a sparkling altar of Nemelex Xobeh.
  1539 | D:2      | Noticed Terence
  1550 | D:2      | Killed Terence
  1688 | D:3      | Reached skill level 5 in Maces & Flails
  1688 | D:3      | Reached XP level 5. HP: 32/32 MP: 5/5
  2382 | D:4      | Noticed an ogre
  2475 | D:4      | Noticed Ijyb
  2538 | D:4      | Reached skill level 6 in Maces & Flails
  2538 | D:4      | Reached XP level 6. HP: 37/37 MP: 6/6
  2950 | D:4      | Noticed Grinder
  2951 | D:4      | Noticed a phantom
  2976 | D:4      | Killed from afar by Ijyb

Levels and vault maps discovered:
D:1:      dpeg_arrival_boxes_within_box, layout_loops_ring, tso_metal_star
D:2:      minmay_roachtagon, layout_basic, moated_statue,
          nemelex_spade_bored_becter, uniq_terence
D:3:      layout_basic, first_ration, wad_orctagon
D:4:      layout_rooms, nicolae_overflow_crystal_walls, uniq_grinder, uniq_ijyb

Skill      XL: |  1  2  3  4  5 |
---------------+----------------+-----
Maces & Flails | 3 4 5 6 |  6.8
Fighting       | |  3.2
Armour         | |  3.2
Shields        | |  3.2

Action                   |  1- 3 |  4- 6 || total
-------------------------+-------+-------++-------
Melee: Flail             |   129 |   239 ||   368
  Eat: Chunk             |       |     7 ||     7
Armor: Scale mail        |    76 |   193 ||   269
Dodge: Dodged            |    52 |   111 ||   163
Block: Kite shield       |    87 |   184 ||   271

Table legend:
 A = Non-vault XP
 B = Vault XP
 C = Vault XP percentage of total XP
 D = Non-vault monster count
 E = Vault monster count
 F = Vault count percentage of total count
                 A         B        C        D         E       F
            +---------+---------+-------+---------+---------+-------
      Total |     416 |      70 |  14.4 |      81 |      16 |  16.5
            +---------+---------+-------+---------+---------+-------
        D:1 |      30 |       0 |   0.0 |      18 |       0 |   0.0
        D:2 |      71 |      58 |  45.0 |      30 |      12 |  28.6
        D:3 |      93 |      12 |  11.4 |      26 |       4 |  13.3
        D:4 |     222 |       0 |   0.0 |       7 |       0 |   0.0
            +---------+---------+-------+---------+---------+-------
